 Dungeon Crawl Stone Soup version 0.27-a0-245-g075faa5519 (webtiles) character file.

Game seed: 7447577415240803507

86207 KristoblXynda the Grappler (level 15, -1/149 HPs)
             Began as a Troll Delver on Feb 3, 2021.
             Was the Champion of Cheibriados.
             Slain by a five-headed hydra (13 damage)
             ... on level 4 of the Lair of Beasts.
             The game lasted 00:41:36 (23435 turns).

KristoblXynda the Grappler (Troll Delver)          Turns: 23435, Time: 00:41:36

Health: -1/149     AC: 15    Str: 42    XL:     15   Next: 40%
Magic:  21/21      EV: 18    Int: 23    God:    Cheibriados [******]
Gold:   1943       SH:  5    Dex: 26    Spells: 11/14 levels left

rFire    + + .     SeeInvis .   w - +2 morningstar (elec)
rCold    + + .     Faith    .   (no shield)
rNeg     . . .     Spirit   .   F - +2 robe {rC+}
rPois    .         Reflect  +   L - +1 hat
rElec    .         Harm     .   B - +0 cloak "Ocoumeet" {rF+ rC+ Str+3 Int-3} (curse)
rCorr    .         Rampage  .   (gloves unavailable)
Will     +....                  (boots unavailable)
Stlth    +++.......             J - amulet of reflection
HPRegen  0.74/turn              r - ring of protection from fire
MPRegen  0.17/turn              l - +4 ring of protection

@: slowed, very slow
A: large, unfitting armour, claws 3, regeneration 1, shaggy fur 1, tough skin 3
a: Renounce Religion, Bend Time, Temporal Distortion, Slouch, Step From Time


You were on level 4 of the Lair of Beasts.
You worshipped Cheibriados.
Cheibriados was exalted by your worship.
You visited 3 branches of the dungeon, and saw 22 of its levels.
You also visited: Bailey and Ice Cave.

You collected 1988 gold pieces.
You spent 45 gold pieces at shops.

Inventory:

Hand Weapons
 w - a +2 morningstar of electrocution (weapon)
Armour
 B - the cursed +0 cloak "Ocoumeet" (worn) {rF+ rC+ Str+3 Int-3}
   (You found it on level 7 of the Dungeon)

   It affects your strength (+3).
   It affects your intelligence (-3).
   It protects you from fire.
   It protects you from cold.
   It has a curse placed upon it.
 F - a +2 robe of cold resistance (worn)
 L - a +1 hat (worn)
Jewellery
 g - an uncursed ring of flight
 l - a +4 ring of protection (right claw)
 r - a ring of protection from fire (left claw)
 I - an uncursed ring of ice
 J - an amulet of reflection (around neck)
Wands
 e - a wand of paralysis (6)
 f - a wand of digging (13)
 q - a wand of acid (8)
 z - a wand of mindburst (3)
Scrolls
 a - a scroll of identify
 b - 14 scrolls of remove curse
 c - 2 scrolls of magic mapping
 d - a scroll of fear
 i - 2 scrolls of amnesia
 n - 5 scrolls of immolation
 p - 2 scrolls of fog
 s - 9 scrolls of teleportation
 u - 5 scrolls of enchant armour
 y - 2 scrolls of enchant weapon
 D - a scroll of brand weapon
Potions
 j - 8 potions of curing
 k - 3 potions of lignification
 m - 2 potions of brilliance
 o - a potion of heal wounds
 t - a potion of ambrosia
 v - 4 potions of mutation
 A - a potion of flight
 C - a potion of cancellation
 E - a potion of invisibility
 G - 3 potions of attraction
 K - 2 potions of might
Miscellaneous
 h - a box of beasts
 H - a phial of floods


   Skills:
 - Level 10.1 Fighting
 - Level 9.0 Armour
 - Level 9.0 Dodging
 - Level 2.7 Stealth
 + Level 14.4 Unarmed Combat
 + Level 6.5 Hexes
 + Level 9.8 Invocations
 + Level 3.3 Evocations


You had 11 spell levels left.
You knew the following spells:

 Your Spells              Type           Power        Failure   Level
a - Tukima's Dance        Hex            30%          3%          3

Your spell library contained the following spells:

 Spells                   Type           Power        Failure   Level
 Corona                   Hex            33%          1%          1
 Slow                     Hex            30%          1%          2
 Confusing Touch          Hex            30%          3%          3
 Ensorcelled Hibernation  Hex/Ice        30%          6%          2
 Dazzling Flash           Conj/Hex       30%          12%         3
 Apportation              Tloc           0%           16%         1
 Magic Dart               Conj           0%           16%         1
 Blink                    Tloc           N/A          24%         2
 Call Imp                 Summ           0%           24%         2
 Searing Ray              Conj           0%           24%         2
 Fulminant Prism          Conj/Hex       7%           38%         4
 Conjure Flame            Conj/Fire      0%           43%         3
 Mephitic Cloud           Conj/Pois/Air  0%           43%         3
 Iskenderun's Mystic Bla  Conj/Tloc      0%           83%         4
 Bolt of Magma            Conj/Fire/Erth 0%           99%         5
 Iskenderun's Battlesphe  Conj           0%           99%         5
 Iron Shot                Conj/Erth      0%           100%        6
 Orb of Destruction       Conj           0%           100%        7
 Spellforged Servitor     Conj/Summ      0%           100%        7


Dungeon Overview and Level Annotations

Branches:
Dungeon (15/15)            Temple (1/1) D:7            Lair (6/6) D:11
 Shoals (0/4) Lair:2       Spider (0/4) Lair:4          Orc (0/2) D:10
 Vaults (0/5) D:14         Depths (0/5) D:15         Bailey (visited)
  IceCv (visited)
  Slime: Lair:5-6

Altars:
Ashenzari
Cheibriados
Dithmenos
Elyvilon
Fedhas
Gozag
Hepliaklqana
Kikubaaqudgha
Makhleb
Nemelex Xobeh
Okawaru
Qazlal
Ru
Sif Muna
Trog
Uskayaw
Vehumet
Wu Jian
Xom
Yredelemnul
Zin
The Shining One

Shops:
D:14 ([?

Annotations:
D:5 1 runed translucent door, confidenceinterval's ghost, novice TrHu
D:10 exclusion: ice statue
Lair:6 1 runed translucent door


Innate Abilities, Weirdness & Mutations

You are too large for most types of armour.
You have claws for hands.
Your natural rate of healing is unusually fast.
You are covered in fur. (AC +1)
You have extremely tough skin. (AC +3)


Message History

The five-headed hydra bites you.
* * * LOW HITPOINT WARNING * * *
The five-headed hydra bites you!
* * * LOW HITPOINT WARNING * * *
You block the five-headed hydra's attack.
You impale the five-headed hydra!!
The five-headed hydra is almost dead.
The five-headed hydra bites you.
* * * LOW HITPOINT WARNING * * *
The five-headed hydra bites you!
* * * LOW HITPOINT WARNING * * *
The five-headed hydra completely misses you.
The five-headed hydra bites you!
* * * LOW HITPOINT WARNING * * *
The five-headed hydra bites you.
* * * LOW HITPOINT WARNING * * *
The five-headed hydra completely misses you.
The five-headed hydra barely misses you. x2
The five-headed hydra bites you!
You die...

##.# ## #..# #? ##... #.# #.#.#
#.. #...# ### .. ##... #.###.
##.# ###########...#D### ##..
.##..#.......###@.### #...
........###### ##..(#### ##..
.^.###.P# #####...#.# #.# ...#
#### #........#### ##.. #.## ###
#####.........#.#####...
######.###.#............#.#.##...
# ##...#......#..................
# #......................#.P#....
# #..........♣.........[...##....


You could see a five-headed hydra.

Vanquished Creatures
  Rupert (D:13)
  A frost giant (IceCv)
  A dire elephant (D:15)
  Azrael (D:12)
  7 hydras
  Josephine (Lair:4)
  Fannar (D:12)
  2 boulder beetles
  A catoblepas (Lair:5)
  3 two-headed ogres
  2 dancing weapons (D:14)
  4 centaur warriors
  A death knight (D:13)
  Urug (D:10)
  3 skeletal warriors (D:13)
  3 unseen horrors
  3 deep elf pyromancers
  2 phantasmal warriors (D:13)
  8 ugly things
  A wolf spider zombie (D:14)
  3 manticores
  An oklob plant (Lair:2)
  A cyclops (D:15)
  A moth of wrath (D:2)
  2 black mambas (Lair:6)
  Joseph (D:7)
  11 elephants
  An ice statue (IceCv)
  A naga mage (D:15)
  6 gargoyles
  8 cane toads
  4 komodo dragons
  A centaur skeleton (D:15)
  5 rime drakes
  Psyche (D:12)
  2 tengu conjurers (D:14)
  7 trolls
  2 merfolk (Lair:2)
  3 meliai (D:15)
  A wind drake (shapeshifter) (D:15)
  A jumping spider (shapeshifter) (D:14)
  20 polar bears
  18 blink frogs
  7 dream sheep (Lair:3)
  8 slime creatures
  8 wraiths
  57 yaks
  8 wyverns
  A shadow (D:11)
  6 spriggans (Lair:2)
  3 fire elementals (D:12)
  5 basilisks
  A soldier ant (shapeshifter) (D:14)
  10 water moccasins
  An acid dragon (D:13)
  2 hell hounds (D:12)
  18 orc warriors
  A hornet zombie (D:10)
  4 sky beasts
  4 ogres
  4 black bears
  8 ice beasts
  2 eyes of draining
  32 centaurs
  3 phantoms
  19 wolves
  29 bullfrogs
  4 scorpions
  15 killer bees
  19 wights
  An electric eel (Lair:2)
  A howler monkey (D:7)
  5 centaur zombies
  A quasit (D:6)
  7 hounds
  2 bullfrog skeletons
  Crazy Yiuf (D:4)
  5 orc priests
  6 iguanas
  6 jellies
  15 orc wizards
  6 hell rats (Lair:3)
  13 worker ants
  2 hound skeletons
  A worker ant zombie (D:7)
  A howler monkey zombie (D:6)
  3 gnolls (D:8)
  9 adders
  2 shadow imps (D:6)
  A white imp (D:7)
  2 ufetubi
  An adder zombie (D:9)
  2 oozes
  6 worms
  2 dart slugs (D:2)
  2 leopard geckos
  69 orcs
  3 ball pythons
  4 giant cockroaches
  9 goblins
  9 hobgoblins
  8 jackals
  4 quokkas
  2 ball python zombies
  7 bats
  7 frilled lizards
  7 kobolds
  A quokka skeleton (D:7)
  13 rats
673 creatures vanquished.

Vanquished Creatures (others)
  An orc (Bailey)
  20 fungi
  35 plants
56 creatures vanquished.

Grand Total: 729 creatures vanquished

Notes
Turn   | Place    | Note
-------+----------+-------------------------------------------
     0 | D:5      | KristoblXynda the Troll Delver began the quest for the Orb.
     0 | D:5      | Reached XP level 1. HP: 22/22 MP: 0/0
    15 | D:5      | Found a runed translucent door.
    15 | D:5      | Noticed confidenceinterval's ghost (novice TrHu)
    85 | D:5      | Noticed an orc wizard
    86 | D:5      | Noticed an iguana
   101 | D:5      | Reached XP level 2. HP: 29/29 MP: 1/1
   124 | D:5      | Reached XP level 3. HP: 15/36 MP: 2/2
   180 | D:5      | Reached skill level 3 in Unarmed Combat
   180 | D:5      | Reached XP level 4. HP: 36/45 MP: 3/3
   289 | D:5      | Noticed a sky beast
   370 | D:5      | Killed a sky beast
   371 | D:5      | Reached XP level 5. HP: 43/53 MP: 4/4
   655 | D:4      | Reached skill level 4 in Unarmed Combat
   655 | D:4      | Reached XP level 6. HP: 61/62 MP: 5/5
  1176 | D:4      | Found a runed translucent door.
  1177 | D:4      | Noticed Crazy Yiuf
  1187 | D:4      | Killed Crazy Yiuf
  1261 | D:3      | Reached XP level 7. HP: 70/70 MP: 6/6
  2147 | D:2      | Found a faded altar of an unknown god.
  2331 | D:2      | Noticed a moth of wrath
  2334 | D:2      | Found a bloodstained altar of Trog.
  2357 | D:2      | Killed a moth of wrath
  2358 | D:2      | Reached skill level 5 in Unarmed Combat
  2512 | D:2      | Found a sparkling altar of Nemelex Xobeh.
  2655 | D:1      | Reached skill level 5 in Fighting
  3510 | D:6      | Reached XP level 8. HP: 75/80 MP: 7/7
  3660 | D:6      | Reached skill level 6 in Unarmed Combat
  3665 | D:6      | Reached skill level 5 in Dodging
  4135 | D:6      | Reached skill level 7 in Unarmed Combat
  4454 | D:7      | Learned a level 3 spell: Tukima's Dance
  4534 | D:7      | Reached XP level 9. HP: 64/89 MP: 8/8
  4846 | D:7      | Found a stormy altar of Qazlal.
  4888 | D:7      | Noticed Joseph
  4906 | D:7      | Killed Joseph
  5082 | D:7      | Got an ancient cloak
  5217 | D:7      | Reached skill level 8 in Unarmed Combat
  5443 | D:7      | Found a staircase to the Ecumenical Temple.
  5459 | Temple   | Entered the Ecumenical Temple
  5782 | Temple   | Became a worshipper of Cheibriados the Contemplative
  5795 | Temple   | Identified the cursed +0 cloak "Ocoumeet" {rF+ rC+ Str+3
                  | Int-3} (You found it on level 7 of the Dungeon)
  6216 | D:8      | Found a shimmering blue altar of Sif Muna.
  6251 | D:8      | Identified Sif Muna's Compendium of Translocation
  6720 | D:8      | Found a broken altar of Ashenzari.
  6731 | D:8      | Reached * piety under Cheibriados
  6746 | D:8      | Reached XP level 10. HP: 55/102 MP: 9/9
  7327 | D:9      | Reached skill level 9 in Unarmed Combat
  7464 | D:9      | Reached ** piety under Cheibriados
  8054 | D:10     | Entered Level 10 of the Dungeon
  8172 | D:10     | Reached skill level 1 in Armour
  8173 | D:10     | Noticed Urug
  8178 | D:10     | Killed Urug
  8357 | D:10     | Found an opulent altar of Gozag.
  8363 | D:10     | Reached skill level 10 in Unarmed Combat
  8363 | D:10     | Reached XP level 11. HP: 113/113 MP: 10/10
  8363 | D:10     | Found a staircase to the Orcish Mines.
  8380 | D:10     | Noticed a two-headed ogre
  8388 | D:10     | Killed a two-headed ogre
  8407 | D:10     | Reached *** piety under Cheibriados
  9409 | D:11     | Found a flagged portal.
  9416 | D:11     | Reached **** piety under Cheibriados
  9425 | Bailey   | Entered a bailey
  9794 | Bailey   | Reached ***** piety under Cheibriados
 10281 | D:11     | Found a staircase to the Lair.
 10318 | D:11     | Killed an unseen horror
 10319 | D:11     | Reached skill level 1 in Invocations
 10338 | D:11     | Noticed a two-headed ogre
 10347 | D:11     | Killed a two-headed ogre
 10369 | D:11     | Noticed a cyan ugly thing
 10377 | D:11     | Killed a cyan ugly thing
 10540 | D:11     | Reached skill level 11 in Unarmed Combat
 10910 | D:11     | Reached XP level 12. HP: 114/124 MP: 6/12
 11321 | D:12     | Noticed Azrael
 11330 | D:12     | Killed Azrael
 11331 | D:12     | Reached skill level 5 in Armour
 11393 | D:12     | Noticed Fannar
 11407 | D:12     | Killed Fannar
 11598 | D:12     | Noticed Psyche
 11609 | D:12     | Reached skill level 10 in Fighting
 11616 | D:12     | Killed Psyche
 12301 | D:13     | Noticed Rupert
 12311 | D:13     | Killed Rupert
 12312 | D:13     | Reached skill level 1 in Hexes
 12312 | D:13     | Reached skill level 5 in Invocations
 12480 | D:13     | Noticed a death knight
 12635 | D:14     | Reached skill level 12 in Unarmed Combat
 12700 | D:14     | Found Yrhoerid's Antique Armour Boutique.
 12918 | D:14     | Noticed a centaur warrior
 12924 | D:14     | Killed a centaur warrior
 12925 | D:14     | Reached XP level 13. HP: 86/133 MP: 5/16
 12940 | D:14     | HP: 1/133 [wolf spider zombie (7)]
 12944 | D:15     | Entered Level 15 of the Dungeon
 13293 | D:15     | Noticed a dire elephant
 13302 | D:15     | Killed a dire elephant
 13440 | D:15     | Found a staircase to the Depths.
 13567 | D:15     | Reached ****** piety under Cheibriados
 14882 | D:14     | Found Apuzeni's Antique Weapon Shoppe.
 15104 | D:14     | Found a gate to the Vaults.
 15223 | D:14     | Found Toral's Magic Scroll Shop.
 15231 | D:14     | Bought a scroll of teleportation for 45 gold pieces
 15315 | D:14     | Reached skill level 13 in Unarmed Combat
 15354 | D:14     | You fall into a shaft and drop 1 floor!
 16090 | D:13     | Reached XP level 14. HP: 77/143 MP: 18/18
 17060 | Lair:1   | Entered Level 1 of the Lair of Beasts
 17092 | Lair:1   | Found a frozen archway.
 17096 | IceCv    | Entered an ice cave
 17460 | IceCv    | Reached skill level 5 in Hexes
 17858 | IceCv    | Noticed a frost giant
 17866 | IceCv    | Killed a frost giant
 19651 | Lair:2   | Reached skill level 1 in Evocations
 19737 | Lair:2   | Found a staircase to the Shoals.
 19756 | Lair:2   | Reached skill level 14 in Unarmed Combat
 20491 | Lair:3   | Reached XP level 15. HP: 77/149 MP: 20/20
 21323 | Lair:4   | Noticed Josephine
 21334 | Lair:4   | Killed Josephine
 21389 | Lair:4   | Found a runed translucent door.
 21478 | Lair:4   | Found a hole to the Spider Nest.
 21679 | Lair:4   | You fall into a shaft and drop 2 floors!
 21679 | Lair:6   | Entered Level 6 of the Lair of Beasts
 21717 | Lair:6   | Found a runed translucent door.
 23435 | Lair:4   | Slain by a five-headed hydra

Illustrated notes

Levels and vault maps discovered:
D:1:      psy_arrival_conway, layout_loops_cross
D:2:      layout_rooms, lemuel_round_altar, tgw_trog,
          chequers_ecumenical_altar_simple, minmay_pentomino_z4
D:3:      layout_basic, minivault_5
D:4:      layout_basic, uniq_crazy_yiuf_cottage
D:5:      layout_cave_pools, gammafunk_ghost_grave
D:6:      layout_basic
D:7:      layout_basic, nicolae_qazlal_eye_of_the_storm, temple_hall,
          uniq_joseph
D:8:      layout_loops_ring, cheibrodos_ashenzari_chains,
          amcnicky_mini_pool_small, nrook_mini_backslash, led_sif_book
D:9:      layout_roguey
D:10:     cheibrodos_frozen_isle, layout_basic, orc_0_dummy,
          nicolae_gozag_seed_capital, uniq_urug
D:11:     layout_cave_pods, david_lair_generic, enter_bailey_4,
          kennysheep_generic_room_7
D:12:     layout_rooms, lemuel_another_geyser, uniq_psyche, uniq_fannar,
          uniq_azrael
D:13:     kennysheep_big_flooded_room, layout_basic, minmay_misc_feat_cross,
          uniq_rupert
D:14:     layout_loops_cross, erik_vaults_1, serial_shops,
          nicolae_shop_statue_plus, shop_coins, shop, serial_park_tiny_pond
D:15:     hangedman_depths_entry_try_elsewhere_first, layout_stronghold,
          minmay_misc_feat_encased
Temple:   dpeg_five_rooms_temple
Lair:1:   layout_roguey, portal_ice_cave_entry_pillars_2, serial_bayou_pond_d
Lair:2:   layout_gridlike, elwin_shoals_entry_rooms, wad_woods_01,
          grunt_megastairs_2, minmay_lair_oklob_chamber,
          infiniplex_staircase_pool_2, serial_bayou_shore_b
Lair:3:   layout_misc_corridors, chequers_serial_rivers_small_3
Lair:4:   layout_cave_pods, dummy_spider_entry, chequers_serial_rivers_micro_d,
          grunt_forest_stairs_basic, nicolae_lair_grove_arrangements,
          pf_torpor_hydra, uniq_josephine
Lair:5:   layout_cave_pods, lemuel_fruit_fields, grunt_megastairs_4,
          infiniplex_staircase_pool
Lair:6:   grunt_lair_end_beastmaster, layout_long_grid, slime_altar_2,
          ebering_ghost_reflecting_pool

Skill      XL: |  1  2  3  4  5  6  7  8  9 10 11 12 13 14 15 |
---------------+----------------------------------------------+-----
Dodging        | 2 3 4 5 7 8 9 |  9.0
Fighting       | 3 4 5 6 7 8 9 10 | 10.1
Unarmed Combat | 3 4 5 7 8 10 11 12 13 14 | 14.4
Armour         | 1 4 6 7 9 |  9.0
Invocations    | 2 5 7 9 |  9.8
Hexes          | 2 4 6 |  6.5
Evocations     | 1 3 |  3.3
Stealth        | |  2.7

Action                   |  1- 3 |  4- 6 |  7- 9 | 10-12 | 13-15 || total
-------------------------+-------+-------+-------+-------+-------++-------
Melee: Unarmed           |    48 |    93 |   488 |   574 |   767 ||  1970
       Punch             |       |     3 |    14 |    44 |    89 ||   150
       Morningstar       |       |       |       |       |    26 ||    26
Invok: Slouch            |       |       |       |     1 |     1 ||     2
 Abil: Evoke Flight      |       |       |     1 |     5 |       ||     6
Evoke: Wand              |       |       |     1 |     2 |     8 ||    11
  Use: Scroll            |       |     7 |    10 |     5 |    12 ||    34
       Potion            |       |       |     2 |     1 |     6 ||     9
 Stab: Sleeping          |       |       |     4 |    13 |    15 ||    32
       Distracted        |       |       |       |     1 |     1 ||     2
Armor: Robe              |    22 |    48 |   197 |   189 |   309 ||   765
       Skin              |       |       |     6 |       |     6 ||    12
Dodge: Dodged            |    25 |    41 |   255 |   575 |   786 ||  1682
Block: Other             |       |       |       |       |    75 ||    75

Table legend: (Time is in decaauts)
 A = Elapsed time spent in this place.
 B = Non-inter-level travel time spent in this place.
 C = Inter-level travel time spent in this place.
 D = Time resting spent in this place.
 E = Time spent auto-exploring this place.
 F = Levels seen in this place.
 G = Mean time per level.
                   A        B        C        D        E       F      G
               +--------+--------+--------+--------+--------+-----+--------+
         Total |  32200 |  30978 |   1222 |   4273 |  20583 |  24 | 1341.7 |
       Dungeon |  20581 |  19670 |    911 |   2983 |  12888 |  15 | 1372.1 |
        Temple |    380 |    282 |     98 |      0 |    260 |   1 |  380.0 |
          Lair |   9112 |   8900 |    212 |    407 |   7390 |   6 | 1518.7 |
        Bailey |    969 |    969 |      0 |    385 |      0 |   1 |  969.0 |
      Ice Cave |   1157 |   1157 |      0 |    498 |     44 |   1 | 1157.0 |
               +--------+--------+--------+--------+--------+-----+--------+

Top non-repeatable levels by time:
    D:13: 2805 daAuts
    D:15: 2736 daAuts
    D:14: 2012 daAuts
  Lair:2: 1999 daAuts
    D:11: 1870 daAuts
  Lair:4: 1866 daAuts
  Lair:1: 1836 daAuts
  Lair:5: 1792 daAuts
    D:10: 1699 daAuts
     D:7: 1437 daAuts
  Lair:3: 1395 daAuts
     D:8: 1236 daAuts
    D:12: 1226 daAuts
   IceCv: 1157 daAuts
     D:9: 1145 daAuts
